 Dungeon Crawl Stone Soup version 0.25.1-2-g60ff931df9 (webtiles) character file.

Game seed: 10909466886990447860

2767 Deemzul the Slasher (level 9, -1/68 HPs)
             Began as a Demonspawn Fighter on Aug 10, 2020.
             Was a Believer of Hepliaklqana.
             Slain by an orc warrior
             ... wielding a +0 war axe
              (16 damage)
             ... in a bailey.
             The game lasted 00:12:09 (6567 turns).

Deemzul the Slasher (Demonspawn Fighter)            Turns: 6567, Time: 00:12:09

Health: -1/68      AC: 10    Str: 15 (16) XL:     9   Next: 42%
Magic:  9/9        EV: 12    Int:  8 (9)  God:    Hepliaklqana [**....]
Gold:   937        SH: 10    Dex: 16 (17) Spells: 8/8 levels left

rFire    + . .     SeeInvis +   C - +1 spear (venom)
rCold    + . .     Gourm    .   c - +0 kite shield
rNeg     . . .     Faith    .   h - +1 steam dragon scales
rPois    .         Spirit   .   (helmet restricted)
rElec    .         Reflect  .   p - scarf {rC+ rF+}
rCorr    .         Harm     .   (no gloves)
MR       .....     Clarity  +   G - +0 pair of boots
Stlth    ++++++....             F - amulet of magic regeneration
HPRegen  0.21/turn              D - ring of stealth
MPRegen  0.36/turn              E - ring of see invisible

@: no status effects
A: reduced essence, claws 1, horns 1, molten scales 1, clarity, demonic guardian
1, deterioration 1, nightstalker 2, robust 1
a: Recall Ancestor, Ancestor Identity, Renounce Religion


You were in a bailey.
You worshipped Hepliaklqana.
Hepliaklqana was pleased with you.
You were not hungry.

You visited 1 branch of the dungeon, and saw 7 of its levels.
You also visited: Bailey.

You collected 1080 gold pieces.
You spent 143 gold pieces at shops.

Inventory:

Hand Weapons
 a - a +0 long sword
 b - a +1 dagger of freezing
 n - a +0 dagger of protection
 y - a +2 trident of flaming
 C - a +1 spear of venom (weapon)
Missiles
 J - 30 boomerangs (quivered)
Armour
 c - a +0 kite shield (worn)
 h - +1 steam dragon scales (worn)
 p - a scarf of resistance (worn)
 G - a +0 pair of boots (worn)
Jewellery
 D - a ring of stealth (left claw)
 E - a ring of see invisible (right claw)
 F - an amulet of magic regeneration (around neck)
Wands
 A - a wand of flame (7)
Scrolls
 e - a scroll of fog
 g - 3 scrolls of teleportation
 j - a scroll of blinking
 k - a scroll of immolation
 m - 3 scrolls of amnesia
 q - 4 scrolls of identify
 r - a scroll of fear
 s - 2 scrolls of remove curse
 H - a scroll of enchant weapon {unknown}
Potions
 d - a potion of might
 i - a potion of lignification
 l - 2 potions of invisibility {unknown}
 o - 2 potions of cancellation
 t - a potion of degeneration {unknown}
 u - 2 potions of curing
 v - a potion of haste {unknown}
 w - 4 potions of flight
 z - a potion of magic {unknown}
 B - a potion of stabbing
Comestibles
 f - 10 rations


   Skills:
 + Level 5.2 Fighting
 + Level 2.2(4.5) Short Blades
 + Level 6.2(6.4) Long Blades
 - Level 1.2 Polearms
 + Level 5.5 Armour
 + Level 3.9 Dodging
 + Level 4.1 Stealth
 + Level 5.5 Shields


You had 8 spell levels left.
You didn't know any spells.
Your spell library was empty.

Dungeon Overview and Level Annotations

Branches:
Dungeon (7/15)             Bailey (1/1)
 Temple: D:4-7

Altars:
Ashenzari
Cheibriados
Dithmenos
Elyvilon
Hepliaklqana
Makhleb
Qazlal
Wu Jian

Shops:
D:5 ?[*[


Innate Abilities, Weirdness & Mutations

You have sharp fingernails.
You are partially covered in molten scales. (AC +2)
A weak demonic guardian rushes to your aid.
You are significantly more attuned to the shadows.
Your life essence is reduced to manifest your ancestor. (-10% HP)
You have a pair of small horns on your head.
You possess an exceptional clarity of mind.
Your body sometimes deteriorates upon taking damage.
You are robust. (+10% HP)


Message History

The orc warrior hits your iron imp with a +0 war axe!
Your iron imp dies!
You hit the orc warrior but do no damage.
The orc warrior is heavily wounded.
The goblin closely misses your quasit.
Your quasit closely misses the goblin.
Your quasit claws the goblin.
The goblin dies!
Unknown command.
The orc warrior hits you with a +0 war axe!
* * * LOW HITPOINT WARNING * * *
The orc warrior hits your quasit with a +0 war axe!
Your quasit dies!
You hit the orc warrior but do no damage.
The orc warrior looks even sicker.
The orc warrior is severely wounded.
Unknown command.
You closely miss the orc warrior.
The orc warrior is severely wounded.
The orc warrior hits you with a +0 war axe!
You die...

#.≈≈≈≈≈≈≈≈........###
≈≈≈≈≈≈≈≈≈≈≈≈≈.......##
≈#########≈≈≈≈≈......##
.oo.Kg.#∩≈≈≈≈≈≈≈....#
... ####.≈≈≈≈≈≈≈≈≈≈#
#'####..#..†..≈≈≈≈≈≈≈≈≈
....()..###).....#≈≈≈≈≈
#'####((':#).)..#######
#(5###@).....#
#.)#.o).⌠.....
##)#.†.......#
#.).........##
...........####
############


You could see an orc warrior (very poisoned).

Vanquished Creatures
  An orc knight (Bailey)
  Maggie (D:6)
  6 orc warriors
  A centaur (D:5)
  2 bullfrogs
  A gnoll sergeant (D:5)
  A water moccasin skeleton (D:5)
  A howler monkey (D:5)
  3 crimson imps
  A centaur zombie (D:5)
  A hound (D:5)
  A bullfrog skeleton (D:5)
  An iguana (D:7)
  2 worker ants (D:6)
  A worker ant zombie (D:6)
  3 gnolls (D:5)
  7 adders
  2 shadow imps
  4 oozes
  4 worms
  2 dart slugs (D:1)
  4 leopard geckos
  10 orcs
  11 bats
  2 giant cockroaches
  12 goblins
  5 hobgoblins
  10 jackals
  A quokka (D:4)
  9 frilled lizards
  16 kobolds
  22 rats
148 creatures vanquished.

Vanquished Creatures (collateral kills)
  Edmund (D:4)
  A phantom (D:5)
  An orc warrior (D:7)
  A slave (D:4)
  2 howler monkeys
  A hound (D:4)
  3 orc priests
  4 orc wizards
  A worker ant (D:4)
  2 gnolls (D:5)
  A shadow imp (D:5)
  5 orcs
  4 goblins
  A hobgoblin (D:3)
  A jackal (D:5)
  3 kobolds (Bailey)
  3 quokkas
  A frilled lizard (D:3)
  7 rats (D:4)
43 creatures vanquished.

Vanquished Creatures (others)
  4 hexers
  2 ancestors
6 creatures vanquished.

Grand Total: 197 creatures vanquished

Notes
Turn   | Place    | Note
-------+----------+-------------------------------------------
     0 | D:1      | Deemzul the Demonspawn Fighter began the quest for the Orb.
     0 | D:1      | Reached XP level 1. HP: 18/18 MP: 1/1
   319 | D:1      | Reached skill level 2 in Long Blades
   350 | D:1      | Gained mutation: You are slightly more attuned to the
                  | shadows. [demonic ancestry]
   350 | D:1      | Reached XP level 2. HP: 24/24 MP: 2/2
   623 | D:1      | Reached XP level 3. HP: 29/29 MP: 3/3
  1473 | D:1      | HP: 1/29 [poisoned by an adder]
  1475 | D:1      | Gained mutation: You are robust. (+10% HP) [potion of
                  | mutation]
  1475 | D:1      | Gained mutation: Your body sometimes deteriorates upon
                  | taking damage. [potion of mutation]
  1475 | D:1      | Gained mutation: You have a pair of small horns on your
                  | head. [potion of mutation]
  1475 | D:1      | Gained mutation: You possess an exceptional clarity of
                  | mind. [potion of mutation]
  1736 | D:2      | Gained mutation: You are significantly more attuned to the
                  | shadows. [demonic ancestry]
  1736 | D:2      | Reached XP level 4. HP: 38/38 MP: 4/4
  1833 | D:2      | Found a burning altar of Makhleb.
  1836 | D:2      | Noticed a cacodemon
  1838 | D:2      | Noticed a hellwing
  1838 | D:2      | Noticed a smoke demon
  2169 | D:2      | Found a white marble altar of Elyvilon.
  2229 | D:2      | Found a snail-covered altar of Cheibriados.
  2269 | D:2      | Found an ornate altar of the Wu Jian Council.
  2279 | D:2      | Found a hazy altar of Hepliaklqana.
  2298 | D:2      | Found a stormy altar of Qazlal.
  2347 | D:2      | Became a worshipper of Hepliaklqana the Forgotten
  2619 | D:3      | Reached skill level 3 in Long Blades
  2690 | D:3      | Gained mutation: You have sharp fingernails. [demonic
                  | ancestry]
  2690 | D:3      | Reached XP level 5. HP: 40/41 MP: 5/5
  3036 | D:3      | Reached skill level 1 in Dodging
  3279 | D:4      | Reached * piety under Hepliaklqana
  3286 | D:4      | Reached skill level 1 in Stealth
  3462 | D:4      | Reached XP level 6. HP: 47/47 MP: 6/6
  3515 | D:4      | Noticed Edmund
  3527 | D:4      | Killed Edmund
  3593 | D:4      | Found a shadowy altar of Dithmenos.
  3593 | D:4      | Noticed a slave
  3601 | D:4      | Noticed a slave
  3603 | D:4      | Noticed a slave
  3603 | D:4      | Killed a slave
  3624 | D:5      | Entered Level 5 of the Dungeon
  3715 | D:5      | Found Pah Goz's Antique Armour Shop.
  3745 | D:5      | Reached skill level 4 in Long Blades
  3943 | D:5      | Gained mutation: A weak demonic guardian rushes to your
                  | aid. [demonic ancestry]
  3943 | D:5      | Reached XP level 7. HP: 52/53 MP: 7/7
  4303 | D:5      | Found a shattered altar of Ashenzari.
  4325 | D:5      | Found Boquherghah's Magic Scroll Emporium.
  4330 | D:5      | Bought a scroll of identify for 22 gold pieces
  4330 | D:5      | Bought a scroll of teleportation for 33 gold pieces
  4330 | D:5      | Bought a scroll of remove curse for 33 gold pieces
  4368 | D:5      | Found Bosixiat's Armour Shop.
  4446 | D:5      | Found Ymuckynk's Assorted Antiques.
  4566 | D:5      | Bought a scroll labeled ESATIPRY ULYGO for 29 gold pieces
  4566 | D:5      | Bought a lumpy inky potion for 26 gold pieces
  4608 | D:5      | Reached skill level 5 in Long Blades
  4870 | D:5      | Gained mutation: You are partially covered in molten
                  | scales. (AC +2) [demonic ancestry]
  4870 | D:5      | Reached XP level 8. HP: 45/61 MP: 8/8
  5198 | D:6      | Noticed Maggie
  5277 | D:6      | Reached ** piety under Hepliaklqana
  5290 | D:6      | Remembered your ancestor Æðelind as a hexer
  5768 | D:6      | Killed Maggie
  5888 | D:6      | Reached skill level 1 in Polearms
  5954 | D:6      | Reached skill level 5 in Armour
  6078 | D:6      | Noticed a two-headed ogre
  6192 | D:7      | Reached skill level 5 in Shields
  6266 | D:7      | Found a flagged portal.
  6279 | D:7      | Reached skill level 1 in Short Blades
  6289 | Bailey   | Entered a bailey
  6365 | Bailey   | Identified the +3 robe of Erregan {rPois rCorr Int-4}
  6446 | Bailey   | Reached XP level 9. HP: 67/67 MP: 9/9
  6512 | Bailey   | Reached skill level 5 in Fighting
  6512 | Bailey   | Reached skill level 6 in Long Blades
  6521 | Bailey   | Noticed an orc knight
  6534 | Bailey   | Killed an orc knight
  6567 | Bailey   | Slain by an orc warrior

Illustrated notes

Levels and vault maps discovered:
D:1:      minmay_arrival_shattered_statue, layout_basic
D:2:      layout_rooms, minmay_overflow_temple_star_hex,
          makhleb_altar_promises_db
D:3:      layout_loops_ring, first_ration
D:4:      layout_cave_pools, kennysheep_mini, old_standard_altar,
          minmay_rat_hole, uniq_pikel, uniq_edmund
D:5:      layout_basic, kennysheep_little_box, serial_shops,
          nicolae_shop_competitors_out_of_business, nicolae_shop_behind_doors,
          nicolae_shop_crystal, shop
D:6:      minmay_diamond_boxcup, layout_basic, minmay_temple_entry_hall,
          grunt_gozag_breadcrumbs, uniq_maggie
D:7:      layout_loops_ring, enter_bailey_3, chequers_serial_rivers_small_3
Bailey:   bailey_axe_4, bailey

Skill      XL: |  1  2  3  4  5  6  7  8  9 |
---------------+----------------------------+-----
Long Blades    | 2 3 4 5 6 |  6.2
Armour         | 3 4 5 |  5.5
Shields        | 3 4 5 |  5.5
Dodging        | 1 2 3 |  3.9
Stealth        | 1 2 3 4 |  4.1
Fighting       | 4 5 |  5.2
Polearms       | 1 |  1.2
Short Blades   | 1 2 |  2.2

Action                   |  1- 3 |  4- 6 |  7- 9 || total
-------------------------+-------+-------+-------++-------
Melee: Long sword        |   151 |   160 |   111 ||   422
       Headbutt          |     1 |    49 |    67 ||   117
       Dagger            |       |    30 |    69 ||    99
       Spear             |       |       |   116 ||   116
Throw: Boomerang         |       |       |     8 ||     8
Invok: Recall Ancestor   |       |       |     1 ||     1
       Ancestor Life: He |       |       |     1 ||     1
Evoke: Wand              |       |       |     1 ||     1
  Use: Potion            |     4 |       |     1 ||     5
       Scroll            |       |       |    11 ||    11
 Stab: Sleeping          |     1 |    10 |     5 ||    16
       Distracted        |       |       |     3 ||     3
  Eat: Chunk             |     3 |     7 |     9 ||    19
Armor: Scale mail        |   103 |    57 |    45 ||   205
       Skin              |     4 |       |       ||     4
       Steam dragon scal |       |       |    28 ||    28
Dodge: Dodged            |    47 |    47 |   107 ||   201
Block: Kite shield       |    96 |    88 |   136 ||   320
       Rpst.: Long sword |    14 |    15 |    15 ||    44
